 Dungeon Crawl Stone Soup version 0.30-a0-913-g9934a0c (webtiles) character file.

Game seed: 14293632495364539475

34284 Illumine the Carver (level 13, -11/70 HPs)
             Began as a Vine Stalker Fighter on Mar 19, 2023.
             Was an Elder of Wu Jian.
             Mangled by a death yak simulacrum (24 damage)
             ... in an ice cave.
             The game lasted 00:32:56 (14756 turns).

Illumine the Carver (Vine Stalker Fighter)         Turns: 14756, Time: 00:32:57

Health: -11/70     AC: 11    Str: 19    XL:     13   Next: 76%
Magic:  0/26       EV: 15    Int:  8    God:    Wu Jian [****..]
Gold:   1026       SH: 12    Dex: 31    Spells: 28/28 levels left

rFire   . . .      SeeInvis .    b - +3 sling (drain)
rCold   . . .      Faith    .    c - +0 buckler
rNeg    . . .      Spirit   +    C - +0 scale mail
rPois   .          Reflect  +    J - +0 helmet
rElec   .          Rampage  .    Q - scarf {shadows}
rCorr   .                        u - +0 pair of gloves
Will    +....                    (no boots)
Stlth   +                        j - amulet of reflection
HPRegen 1.11/turn                h - +6 ring of dexterity
MPRegen 0.20/turn                U - +6 ring of dexterity

@: no status effects
A: fangs 3, regeneration 1, magic shield, antimagic bite, no potion heal 2
a: Renounce Religion, Wall Jump, Serpent's Lash


You were in an ice cave.
You worshipped Wu Jian.
Wu Jian was greatly pleased with you.
You visited 3 branches of the dungeon, and saw 16 of its levels.
You also visited: Ice Cave.

You collected 1026 gold pieces.

Inventory:

Hand Weapons
 a - a +2 falchion of electrocution
 b - a +3 sling of draining (weapon)
 E - a +0 dagger of draining
 F - a +4 great sword
 H - a +0 triple crossbow
 T - a +0 long sword
Missiles
 x - 2 throwing nets
 K - 4 javelins
Armour
 c - a +0 buckler (worn)
 u - a +0 pair of gloves (worn)
 C - a +0 scale mail (worn)
 J - a +0 helmet (worn)
 Q - a scarf of shadows (worn)
Jewellery
 h - a +6 ring of dexterity (left hand)
 j - an amulet of reflection (around neck)
 m - a +4 ring of protection
 o - an amulet of faith
 t - a +6 ring of intelligence
 L - an amulet of magic regeneration
 M - a +6 ring of strength
 P - a +6 ring of intelligence
 S - a ring of wizardry
 U - a +6 ring of dexterity (right hand)
 W - an amulet of the acrobat
 Y - a ring of fire
Wands
 k - a wand of paralysis (12)
 r - a wand of polymorph (10)
 N - a wand of roots (19)
 O - a wand of mindburst (17)
 R - a wand of flame (3)
 V - a wand of quicksilver (3)
 X - a wand of digging (7)
Scrolls
 g - 4 scrolls of vulnerability
 i - 2 scrolls of torment
 n - 4 scrolls of teleportation
 q - 3 scrolls of enchant armour
 v - a scroll of magic mapping
 y - 2 scrolls of fog
 z - a scroll of amnesia {unknown}
 A - a scroll of immolation {unknown}
 G - a scroll of brand weapon {unknown}
 I - 2 scrolls of poison
Potions
 d - 6 potions of might
 e - 9 potions of brilliance
 f - 4 potions of curing
 l - a potion of magic {unknown}
 p - 6 potions of ambrosia
 s - a potion of cancellation {unknown}
 w - a potion of haste {unknown}
 B - a potion of lignification {unknown}
 D - 3 potions of mutation


   Skills:
 + Level 9.6 Fighting
 * Level 13.0 Long Blades
 - Level 5.2 Ranged Weapons
 + Level 8.7 Armour
 + Level 5.7 Dodging
 - Level 4.0 Shields
 - Level 8.0 Spellcasting


You had 28 spell levels left.
You didn't know any spells.
Your spell library contained the following spells:

 Spells                   Type           Power      Damage    Failure   Level
 Apportation              Tloc           6%         N/A       54%         1
 Freeze                   Ice            12%        1d3       54%         1
 Necrotise                Necr           12%        1d4       54%         1
 Summon Small Mammal      Summ           12%        N/A       54%         1
 Call Canine Familiar     Summ           3%         N/A       88%         3
 Frozen Ramparts          Ice            6%         1d1       88%         3
 Hailstorm                Conj/Ice       3%         3d3       88%         3
 Ignite Poison            Fire/Tmut/Pois 3%         N/A       88%         3
 Kindle Blastsparks       Fire/Tloc/Air  6%         2d10      88%         3
 Stone Arrow              Conj/Erth      6%         3d7       88%         3
 Summon Guardian Golem    Hex/Summ       3%         N/A       88%         3
 Tukima's Dance           Hex            3%         N/A       88%         3
 Vampiric Draining        Necr           3%         2d6       88%         3
 Animate Armour           Summ/Erth      6%         N/A       99%         4
 Passage of Golubria      Tloc           3%         N/A       99%         4
 Agony                    Necr           3%         N/A       100%        5
 Alistair's Intoxication  Tmut/Pois      2%         N/A       100%        5
 Freezing Cloud           Conj/Ice/Air   1%         6-21      100%        5
 Yara's Violent Unravell  Hex/Tmut       1%         3d3       100%        5
 Simulacrum               Ice/Necr       1%         N/A       100%        6
 Lehudib's Crystal Spear  Conj/Erth      1%         10d2      100%        8
 Polar Vortex             Ice            1%         N/A       100%        9


Dungeon Overview and Level Annotations

Branches:
Dungeon (11/15)            Temple (1/1) D:5            Lair (4/5) D:10
 Shoals (0/4) Lair:3        Snake (0/4) Lair:2        IceCv (1/1)
  Slime: Lair:4-5       Orc: D:9-12

Altars:
Ashenzari
Cheibriados
Dithmenos
Elyvilon
Fedhas
Gozag
Hepliaklqana
Kikubaaqudgha
Makhleb
Nemelex Xobeh
Okawaru
Qazlal
Ru
Sif Muna
Trog
Uskayaw
Vehumet
Wu Jian
Xom
Yredelemnul
Zin
The Shining One

Shops:
D:6 [   D:10 *

Annotations:
D:7 3 runed translucent doors, AlexanderH's ghost, novice DrIE
D:9 4 transporters, Kave's ghost, novice TrTm
Lair:1 3 runed translucent doors, 2 transporters, alcopop's ghost, journeyman DjHs
Lair:3 2 transporters, Blinkfrogs's ghost, journeyman DrTm IceCv exclusion: ice statue


Innate Abilities, Weirdness & Mutations

You have razor-sharp teeth.
Your natural rate of healing is unusually fast.
When hurt, damage is shared between your health and your magic reserves.
Your bite disrupts and absorbs the magic of your enemies.
Potions cannot restore your health.


Message History

The sling bullet barely misses the white ugly thing.
The sling bullet hits the elephant simulacrum but does no damage.
You block the white ugly thing's attack.
You block the death yak simulacrum's attack.
Unknown command.
You shoot a sling bullet.
The sling bullet hits the white ugly thing.
You drain the white ugly thing.
You kill the white ugly thing!
The Council accepts your kill.
You block the death yak simulacrum's attack.
Your Long Blades skill increases to level 13!
You shoot a sling bullet.
The sling bullet hits the death yak simulacrum!
The death yak simulacrum is moderately damaged.
You block the death yak simulacrum's attack.
The elephant simulacrum tramples you.
* * * LOW HITPOINT WARNING * * *
You hold your ground!
The elephant simulacrum closely misses you.
You shoot a sling bullet.
The sling bullet hits the death yak simulacrum!
The death yak simulacrum is heavily damaged.
The death yak simulacrum gores you but does no damage.
The elephant simulacrum barely misses you.
You block the elephant simulacrum's attack.
You shoot a sling bullet.
The sling bullet hits the death yak simulacrum but does no damage.
The death yak simulacrum is heavily damaged.
The death yak simulacrum closely misses you.
You block the elephant simulacrum's attack.
The elephant simulacrum misses you.
Unknown command.
You shoot a sling bullet.
The sling bullet hits the death yak simulacrum!
The death yak simulacrum is almost destroyed.
The death yak simulacrum gores you!
* * * LOW HITPOINT WARNING * * *
The death yak simulacrum freezes you!!
You die...

#8...
#.......#
#.......#
#....Z..
.....
####.####
#@Z...(.#
#(Z.....#
#)......#
#.......#
#.......#
##.....##
##...##
##.##
##...##


You could see a death yak simulacrum and an elephant simulacrum.

Vanquished Creatures
  3 boulder beetles
  A two-headed ogre (D:9)
  A skyshark (Lair:3)
  3 harpies (Lair:3)
  A manticore (D:11)
  An ugly thing (IceCv)
  Joseph (D:7)
  7 black mambas (Lair:2)
  9 elephants
  A guardian serpent (Lair:2)
  6 cane toads
  A gargoyle (D:11)
  An unseen horror (D:7)
  6 komodo dragons
  3 rime drakes
  3 trolls
  A hornet (D:9)
  3 polar bears
  A blink frog (Lair:2)
  7 dream sheep (Lair:3)
  Sigmund (D:6)
  A spriggan (D:11)
  39 yaks
  2 shadows (D:10)
  3 wyverns
  2 basilisks
  3 vampire mosquitoes (D:10)
  14 water moccasins
  An ice beast (D:5)
  A sky beast (D:8)
  2 black bears
  2 ogres
  2 orc warriors
  24 wolves
  3 centaurs
  3 kobold brigands
  10 bullfrogs
  Blork the orc (D:6)
  A cane toad simulacrum (IceCv)
  2 scorpions
  A gnoll sergeant (D:11)
  7 wights (D:6)
  34 killer bees
  An elephant simulacrum (IceCv)
  3 howler monkeys (D:9)
  2 hounds
  3 jellies
  A gnoll bouda (D:7)
  5 orc priests
  2 sleepcaps (D:5)
  5 iguanas
  8 orc wizards
  A wolf simulacrum (IceCv)
  A polar bear simulacrum (IceCv)
  24 gnolls
  9 adders
  2 shadow imps
  An ufetubus (D:5)
  2 worms (D:3)
  4 dart slugs
  22 orcs
  8 endoplasms
  12 hobgoblins
  6 jackals
  30 kobolds
  6 quokkas
  4 ball pythons
  6 bats
  4 frilled lizards
  7 goblins
  9 rats
407 creatures vanquished.

Vanquished Creatures (others)
  An orc wizard (D:10)
  33 fungi
  19 plants
53 creatures vanquished.

Grand Total: 460 creatures vanquished

Notes
Turn   | Place    | Note
-------+----------+-------------------------------------------
     0 | D:1      | Illumine the Vine Stalker Fighter began the quest for the
                  | Orb.
     0 | D:1      | Reached XP level 1. HP: 11/11 MP: 2/2
    92 | D:1      | Reached skill level 2 in Long Blades
   163 | D:1      | Reached XP level 2. HP: 13/16 MP: 0/3
   449 | D:1      | Reached XP level 3. HP: 19/19 MP: 4/4
  1119 | D:2      | Gained mutation: Your natural rate of healing is unusually
                  | fast. [Vine Stalker growth]
  1119 | D:2      | Reached XP level 4. HP: 22/24 MP: 5/5
  1217 | D:2      | Found a radiant altar of Vehumet.
  1500 | D:2      | Reached skill level 3 in Long Blades
  1712 | D:2      | Found a faded altar of an unknown god.
  1787 | D:2      | Reached XP level 5. HP: 28/28 MP: 4/6
  2157 | D:3      | Found a faded altar of an unknown god.
  2163 | D:3      | Found an iron altar of Okawaru.
  2698 | D:4      | Reached skill level 1 in Spellcasting
  2698 | D:4      | Reached XP level 6. HP: 32/32 MP: 8/8
  3207 | D:4      | Reached skill level 4 in Long Blades
  3723 | D:5      | Entered Level 5 of the Dungeon
  3793 | D:5      | Reached XP level 7. HP: 37/37 MP: 10/10
  4087 | D:5      | Found a staircase to the Ecumenical Temple.
  4098 | Temple   | Entered the Ecumenical Temple
  4272 | D:5      | Reached skill level 5 in Long Blades
  4392 | D:5      | Gained mutation: You have razor-sharp teeth. [Vine Stalker
                  | growth]
  4392 | D:5      | Reached XP level 8. HP: 42/42 MP: 11/13
  4903 | D:6      | Noticed Sigmund
  4909 | D:6      | Killed Sigmund
  4910 | D:6      | Reached skill level 1 in Ranged Weapons
  4918 | D:6      | Found Ratichez's Armour Boutique.
  4967 | D:6      | Identified the +2 robe "Benyb" {Str+9 Dex+3 Stlth+}
  4979 | D:6      | Noticed Blork the orc
  4982 | D:6      | Killed Blork the orc
  5237 | D:5      | Reached skill level 6 in Long Blades
  5281 | D:6      | Found a stormy altar of Qazlal.
  5394 | D:6      | Reached skill level 5 in Fighting
  5423 | D:6      | Reached XP level 9. HP: 37/47 MP: 13/15
  5862 | D:7      | Killed an unseen horror
  5863 | D:7      | Reached skill level 7 in Long Blades
  5875 | D:7      | Upgraded the game from 0.30-a0-912-ge10d75a to
                  | 0.30-a0-913-g9934a0c
  6017 | D:7      | Noticed AlexanderH's ghost (novice DrIE)
  6018 | D:7      | Found a runed translucent gate.
  6058 | D:7      | Noticed Joseph
  6067 | D:7      | Killed Joseph
  6068 | D:7      | Reached skill level 5 in Armour
  6203 | D:7      | Found a runed translucent gate.
  6203 | D:7      | Found a runed translucent gate.
  6823 | D:8      | Reached skill level 5 in Spellcasting
  6847 | D:8      | Reached XP level 10. HP: 30/53 MP: 15/18
  7021 | D:8      | Reached skill level 8 in Long Blades
  7940 | D:9      | Found a shimmering blue altar of Sif Muna.
  8031 | D:9      | Found a hide-covered altar of Uskayaw.
  8060 | D:9      | Found a transporter.
  8079 | D:9      | Found a transporter.
  8081 | D:9      | Found a one-way gate to the infinite horrors of the Abyss.
  8081 | D:9      | Noticed Kave's ghost (novice TrTm)
  8082 | D:9      | Noticed a toenail golem
  8106 | D:9      | Noticed a toenail golem
  8305 | D:9      | Noticed a two-headed ogre
  8328 | D:9      | Killed a two-headed ogre
  8329 | D:9      | Reached skill level 9 in Long Blades
  8329 | D:9      | Reached XP level 11. HP: 57/58 MP: 21/21
  8423 | D:9      | Reached skill level 5 in Ranged Weapons
  8511 | D:9      | Found a white marble altar of Elyvilon.
  8772 | D:9      | Found a transporter.
  8773 | D:9      | Found a transporter.
  8776 | D:9      | Found a transporter.
  8817 | D:9      | Found a transporter.
  9222 | D:10     | Entered Level 10 of the Dungeon
  9444 | D:10     | Found an ancient bone altar of Kikubaaqudgha.
  9449 | D:10     | Found an ornate altar of the Wu Jian Council.
  9449 | D:10     | Found a snail-covered altar of Cheibriados.
  9482 | D:10     | Found a staircase to the Lair.
  9498 | D:10     | Became a worshipper of the Wu Jian Council
  9655 | D:10     | Found a broken altar of Ashenzari.
  9773 | D:10     | Found Teojiull's General Store.
  9978 | Lair:1   | Entered Level 1 of the Lair of Beasts
  9979 | Lair:1   | Found a runed translucent gate.
  9980 | Lair:1   | Found a runed translucent gate.
 10046 | Lair:1   | Identified the +4 scale mail of Sloth {Str+4 Int+2 Dex-2}
 10068 | Lair:1   | Found a runed translucent gate.
 10072 | Lair:1   | Noticed alcopop's ghost (journeyman DjHs)
 10103 | Lair:1   | Reached skill level 1 in Dodging
 10504 | Lair:1   | Reached * piety under Wu Jian
 10505 | Lair:1   | Reached skill level 10 in Long Blades
 10740 | Lair:1   | Reached XP level 12. HP: 54/64 MP: 18/24
 10904 | Lair:1   | Found a transporter.
 10904 | Lair:1   | Noticed a boulder beetle
 10905 | Lair:1   | Found a transporter.
 10905 | Lair:1   | Noticed a boulder beetle
 11251 | Lair:1   | You fall into a shaft and drop 1 floor!
 11283 | Lair:2   | Found a staircase to the Snake Pit.
 11884 | Lair:2   | Reached skill level 11 in Long Blades
 11885 | Lair:2   | Noticed a boulder beetle
 11910 | Lair:2   | Killed a boulder beetle
 11910 | Lair:2   | Reached ** piety under Wu Jian
 11998 | Lair:2   | Noticed a boulder beetle
 12026 | Lair:2   | Killed a boulder beetle
 12578 | Lair:2   | Reached XP level 13. HP: 60/70 MP: 21/26
 12714 | Lair:2   | Reached skill level 12 in Long Blades
 13282 | Lair:3   | Found a staircase to the Shoals.
 13367 | Lair:3   | Reached skill level 5 in Dodging
 13432 | Lair:3   | Reached *** piety under Wu Jian
 13558 | Lair:3   | HP: 2/70 [skyshark (4)]
 13563 | Lair:3   | HP: 2/70 [poisoned by a water moccasin]
 13922 | Lair:3   | Found a transporter.
 13925 | Lair:3   | Noticed Blinkfrogs's ghost (journeyman DrTm)
 13943 | Lair:3   | Found a transporter.
 14690 | D:11     | Found a frozen archway.
 14696 | IceCv    | Entered an ice cave
 14713 | IceCv    | Reached **** piety under Wu Jian
 14753 | IceCv    | Reached skill level 13 in Long Blades
 14756 | IceCv    | Mangled by a death yak simulacrum

Illustrated notes

Levels and vault maps discovered:
D:1:      minmay_arrival_arboretum_small, layout_loops_corners, serial_forest,
          infiniplex_forest_end_1, infiniplex_forest_clump_tiny,
          infiniplex_forest_lined_3_way, infiniplex_forest_join,
          infiniplex_forest_straight_3, infiniplex_forest_clump_small,
          infiniplex_forest_lined_corner, hangedman_decor_lopped,
          wad_floor_pattern_2, st_stairs_3, minmay_pentomino_o4
D:2:      layout_basic, basic_altar,
          dreamdust_ecumenical_altar_hidden_monk_grotto
D:3:      minmay_octagon_keep, layout_basic, nicolae_overflow_ecumenical_swirl,
          chequers_serial_rivers_micro_e
D:4:      layout_loops_corners, serial_aquarium, aquarium_bridge_straight
          [aquarium_subvault_bridge, aquarium_subvault_wall,
          aquarium_subvault_bridge, aquarium_subvault_wall],
          aquarium_bridge_straight [aquarium_subvault_bridge,
          aquarium_subvault_balcony, aquarium_subvault_bridge,
          aquarium_subvault_window], aquarium_window_fake, aquarium_window_2,
          aquarium_window_corner, aquarium_view_4, aquarium_view_2b,
          eino_small_chamber_without_monster
D:5:      layout_loops_ring, minmay_temple_entry_slanted, st_stairs_2,
          guppyfry_early_lair_pool
D:6:      layout_loops_ring, mainiacjoe_overflow_brackets, serial_shops,
          nicolae_shop_advertising_works [nicolae_subvault_shop_adworks],
          uniq_blork_the_orc, uniq_sigmund
D:7:      layout_gridville, gammafunk_ghost_split, serial_glass,
          glass_columns_a, glass_columns_b, uniq_joseph
D:8:      layout_gridville, eino_jars
D:9:      layout_basic, mainiacjoe_overflow_catwalk,
          mainiacjoe_overflow_small_starburst, mainiacjoe_overflow_alcove_1,
          gammafunk_ghost_abyssal_escape, roderic_lattice_a,
          nicolae_diode_quadrants
D:10:     layout_roguey, grunt_temple_overflow_open,
          ashenzari_conservatory_becter, lair_entry_dummy, serial_shops,
          nicolae_take_the_stairs, chequers_arboretum, kennysheep_small_square
D:11:     layout_roguey [special_room_orc],
          kennysheep_orc_monster_closet_entryway,
          portal_ice_cave_entry_pillars_2, chequers_serial_rivers_micro_b,
          the_hattery
Temple:   hellmonk_temple_forest_ring
Lair:1:   gammafunk_boulding_lane, layout_cave_pods, gammafunk_ghost_split,
          grunt_megastairs_1, infiniplex_staircase_pool
Lair:2:   nzn_winding_woodlands_stair_cross [nzn_winding_woodlands_5x15_cabin,
          nzn_winding_woodlands_center_diamonds,
          nzn_winding_woodlands_5x15_garden,
          nzn_winding_woodlands_5x5_perimeter, nzn_winding_woodlands_5x5_three,
          nzn_winding_woodlands_5x15_parted,
          nzn_winding_woodlands_center_garden,
          nzn_winding_woodlands_5x15_sawtooth], layout_layer_cave,
          minmay_snake_entry_spellcaster
Lair:3:   layout_loops_ring, nicolae_shoals_entry_roost,
          gammafunk_ghost_berserking_beasts, nzn_sisyphean_effort
Lair:4:   layout_misc_corridors, st_stairs_13, grunt_megastairs_2,
          lemuel_fruit_fields
IceCv:    ice_cave_statue_garden_chambered

Skill      XL: |  1  2  3  4  5  6  7  8  9 10 11 12 13 |
---------------+----------------------------------------+-----
Long Blades    | 2 3 4 5 6 7 9 10 11 13 | 13.0
Shields        | 3 4 |  4.0
Fighting       | 3 4 5 6 7 8 9 |  9.6
Armour         | 3 4 5 6 7 8 |  8.7
Spellcasting   | 1 2 3 5 6 7 8 |  8.0
Ranged Weapons | 2 3 4 5 |  5.2
Dodging        | 2 4 5 |  5.7

Action                     |  1- 3 |  4- 6 |  7- 9 | 10-12 | 13-15 || total
---------------------------+-------+-------+-------+-------+-------++-------
  Melee: Long sword        |    90 |   169 |   208 |    60 |       ||   527
         Bite              |    11 |    50 |    72 |   307 |   119 ||   559
         Dagger            |       |       |    21 |   291 |       ||   312
         Great sword       |       |       |    22 |       |       ||    22
         Punch             |       |       |     4 |       |       ||     4
         Falchion          |       |       |       |   368 |   276 ||   644
   Fire: Triple crossbow   |       |       |    27 |       |       ||    27
         Sling             |       |       |     5 |    67 |    21 ||    93
 Invoke: Serpent's Lash    |       |       |       |       |     1 ||     1
Ability: Lunge             |       |       |       |     7 |    12 ||    19
         Whirlwind         |       |       |       |     2 |     8 ||    10
  Evoke: Wand              |       |       |       |     1 |       ||     1
    Use: Scroll            |       |       |     7 |     6 |     5 ||    18
         Potion            |       |       |       |     5 |       ||     5
   Stab: Distracted        |       |       |       |       |     1 ||     1
 Armour: Scale mail        |    37 |    66 |   140 |   226 |    76 ||   545
  Dodge: Dodged            |    40 |    63 |   133 |   273 |   133 ||   642
  Block: Buckler           |    46 |   111 |    71 |   273 |   208 ||   709
         Reflection        |     1 |     1 |     4 |     2 |     1 ||     9
         Other             |       |       |    39 |    51 |       ||    90

Table legend: (Time is in decaauts)
 A = Elapsed time spent in this place.
 B = Non-inter-level travel time spent in this place.
 C = Inter-level travel time spent in this place.
 D = Time resting spent in this place.
 E = Time spent auto-exploring this place.
 F = Levels seen in this place.
 G = Mean time per level.
                   A        B        C        D        E       F      G
               +--------+--------+--------+--------+--------+-----+--------+
         Total |  14687 |  14199 |    488 |   1238 |   9867 |  17 |  863.9 |
       Dungeon |  10076 |   9709 |    367 |    593 |   7002 |  11 |  916.0 |
        Temple |    154 |    141 |     13 |      0 |    131 |   1 |  154.0 |
          Lair |   4395 |   4288 |    107 |    645 |   2730 |   4 | 1098.8 |
      Ice Cave |     60 |     60 |      0 |      0 |      4 |   1 |   60.0 |
               +--------+--------+--------+--------+--------+-----+--------+

Top non-repeatable levels by time:
  Lair:2: 1826 daAuts
  Lair:1: 1380 daAuts
     D:9: 1312 daAuts
  Lair:3: 1182 daAuts
     D:4: 1136 daAuts
     D:2: 1104 daAuts
     D:8: 1054 daAuts
     D:7: 1040 daAuts
     D:1: 1012 daAuts
     D:5: 1002 daAuts
     D:6: 857 daAuts
    D:10: 810 daAuts
     D:3: 616 daAuts
  Temple: 154 daAuts
    D:11: 130 daAuts
